[ AOE2 MATCH · #477755545 ]
UnrankedVietnamese vs Mongols
[ REPLAY ANALYSIS · EXTRACTED FROM THE RECORDED GAME ]
Feudal
12:07
Castle
17:35
Imperial
39:27
| APM avg | 30.0 |
| APM peak | 66 |
| eAPM avg | 18.5 |
| Villagers / military | 193 / 309 |
Focus
⚔️ 46.3% · 🌾 53.7%
Scout Cavalry ×111 · Skirmisher ×69 · Battle Elephant ×56 · Rattan Archer ×51 · Trebuchet (Packed) ×11 · Knight ×8
Feudal
7:53
Castle
21:35
Imperial
37:28
| APM avg | 39.3 |
| APM peak | 119 |
| eAPM avg | 20.3 |
| Villagers / military | 139 / 103 |
Focus
⚔️ 36.9% · 🌾 63.1%
Mangonel ×87 · Trade Cart ×55 · Mangudai ×11 · Scout Cavalry ×3 · Monk ×2
Feudal
12:16
Castle
24:08
Imperial
42:55
| APM avg | 7.4 |
| APM peak | 34 |
| eAPM avg | 6.9 |
| Villagers / military | 87 / 20 |
Focus
⚔️ 18.8% · 🌾 81.2%
Trade Cart ×26 · War Elephant ×20
Feudal
12:12
Castle
16:57
Imperial
35:32
| APM avg | 18.0 |
| APM peak | 66 |
| eAPM avg | 9.7 |
| Villagers / military | 248 / 183 |
Focus
⚔️ 26.6% · 🌾 73.4%
Bolas Rider ×115 · Unknown (2550) ×115 · Petard ×55 · Skirmisher ×10 · Trade Cart ×10 · Monk ×3
Feudal
12:16
Castle
19:27
Imperial
43:28
| APM avg | 16.2 |
| APM peak | 48 |
| eAPM avg | 9.2 |
| Villagers / military | 118 / 182 |
Focus
⚔️ 23.4% · 🌾 76.6%
Ballista Elephant ×155 · Trade Cart ×44 · Battle Elephant ×27
Feudal
11:11
Castle
18:08
Imperial
45:33
| APM avg | 23.1 |
| APM peak | 78 |
| eAPM avg | 12.8 |
| Villagers / military | 144 / 105 |
Focus
⚔️ 16.4% · 🌾 83.6%
Ballista Elephant ×104 · Trade Cart ×10 · Monk ×1
Feudal
11:23
Castle
15:04
Imperial
32:04
| APM avg | 50.9 |
| APM peak | 155 |
| eAPM avg | 29.3 |
| Villagers / military | 125 / 161 |
Focus
⚔️ 41.9% · 🌾 58.1%
Mangonel ×130 · Trade Cart ×66 · Battering Ram ×25 · Spearman ×6
Feudal
11:02
Castle
21:30
Imperial
31:54
| APM avg | 14.4 |
| APM peak | 44 |
| eAPM avg | 10.6 |
| Villagers / military | 89 / 237 |
Focus
⚔️ 32.4% · 🌾 67.6%
Mameluke ×101 · Knight ×45 · Spearman ×24 · Militia ×23 · Scout Cavalry ×22 · Trade Cart ×21
Match map
Initial resources + every placement click. Lines = walls · curves = elevation contours. ◆ gold · ⬟ stone · ● berries · ✦ relic · ◌ wall gap
Your base· ✓ Closed at 17:35 · 11t walls · no gate
madhatter's base· ✓ Closed at 21:35 · 0t walls · no gate
BorAstur's base· ✓ Closed at 24:08 · 0t walls · no gate
Ayax's base· ✓ Closed at 16:57 · 19t walls · 2 gate(s)
Spellmax's base· ✓ Closed at 19:27 · 10t walls · no gate
BENEKLİ AYHAN's base· ✓ Closed at 18:08 · 0t walls · no gate
Bantum's base· Open — unwalled flank
Nabican's base· ✓ Closed at 21:30 · 0t walls · no gate
Smoothed initial terrain · ◌ = detected wall gap · hover for details
Inputs per minute
— Snowball_33 - - madhatter
Build order — Snowball_33
First 150 of 737 actions detected
| 0:01 | Queue | Villager (Male) |
| 0:01 | Queue | Villager (Male) |
| 0:02 | Queue | Villager (Male) |
| 0:03 | Build | House |
| 0:04 | Build | House |
| 0:05 | Queue | Villager (Male) |
| 0:05 | Queue | Villager (Male) |
| 1:52 | Queue | Villager (Male) |
| 1:53 | Queue | Villager (Male) |
| 2:36 | Queue | Villager (Male) |
| 2:37 | Queue | Villager (Male) |
| 2:54 | Queue | Villager (Male) |
| 2:55 | Queue | Villager (Male) |
| 3:30 | Queue | Villager (Male) |
| 3:31 | Queue | Villager (Male) |
| 3:31 | Queue | Villager (Male) |
| 3:31 | Queue | Villager (Male) |
| 4:07 | Queue | Villager (Male) |
| 4:08 | Queue | Villager (Male) |
| 4:08 | Queue | Villager (Male) |
| 4:08 | Queue | Villager (Male) |
| 4:13 | Build | House |
| 4:40 | Queue | Villager (Male) |
| 4:59 | Queue | Villager (Male) |
| 4:59 | Queue | Villager (Male) |
| 4:59 | Queue | Villager (Male) |
| 4:59 | Queue | Villager (Male) |
| 5:06 | Build | Lumber Camp |
| 6:09 | Queue | Villager (Male) |
| 6:09 | Queue | Villager (Male) |
| 6:09 | Queue | Villager (Male) |
| 6:09 | Queue | Villager (Male) |
| 6:10 | Queue | Villager (Male) |
| 6:10 | Queue | Villager (Male) |
| 6:34 | Queue | Villager (Male) |
| 6:34 | Queue | Villager (Male) |
| 6:42 | Build | House |
| 8:09 | Build | Mill |
| 8:43 | Research | Loom |
| 9:15 | Build | House |
| 9:29 | Build | House |
| 9:49 | Build | Mining Camp |
| 9:55 | Queue | Villager (Male) |
| 9:57 | Research | Feudal Age |
| 10:22 | Build | House |
| 10:32 | Build | Palisade Wall |
| 11:43 | Build | Farm |
| 11:51 | Build | Palisade Wall |
| 11:57 | Build | Palisade Wall |
| 11:59 | Build | Palisade Wall |
| 12:07 | Age | Feudal Age |
| 12:19 | Queue | Villager (Male) |
| 12:20 | Queue | Villager (Male) |
| 12:30 | Build | Barracks |
| 12:51 | Build | House |
| 13:24 | Build | Market |
| 13:35 | Build | Mining Camp |
| 13:39 | Queue | Villager (Male) |
| 13:58 | Build | Blacksmith |
| 14:52 | Build | House |
| 14:55 | Research | Castle Age |
| 15:31 | Build | Farm |
| 15:32 | Build | Farm |
| 15:42 | Build | Farm |
| 17:18 | Queue | Villager (Male) |
| 17:22 | Research | Double-Bit Axe |
| 17:35 | Age | Castle Age |
| 18:05 | Build | Farm |
| 18:14 | Queue | Villager (Male) |
| 19:05 | Build | Castle |
| 19:14 | Build | Monastery |
| 19:16 | Queue | Villager (Male) |
| 19:29 | Queue | Villager (Male) |
| 19:38 | Build | Town Center |
| 19:53 | Build | Farm |
| 20:06 | Queue | Monk |
| 20:08 | Build | Farm |
| 20:12 | Build | Farm |
| 20:13 | Queue | Villager (Male) |
| 20:38 | Queue | Villager (Male) |
| 20:44 | Build | Farm |
| 21:11 | Build | Farm |
| 21:12 | Queue | Monk |
| 21:16 | Research | Gold Mining |
| 21:25 | Queue | Villager (Male) |
| 21:26 | Queue | Villager (Male) |
| 21:51 | Queue | Villager (Male) |
| 21:58 | Build | Farm |
| 22:02 | Build | Farm |
| 22:05 | Queue | Villager (Male) |
| 22:27 | Build | Mining Camp |
| 22:29 | Queue | Rattan Archer |
| 22:29 | Queue | Rattan Archer |
| 22:29 | Queue | Rattan Archer |
| 22:32 | Queue | Villager (Male) |
| 22:55 | Queue | Villager (Male) |
| 22:56 | Queue | Villager (Male) |
| 23:29 | Queue | Villager (Male) |
| 23:29 | Queue | Villager (Male) |
| 23:30 | Queue | Villager (Male) |
| 23:30 | Queue | Villager (Male) |
| 23:37 | Build | Farm |
| 23:43 | Research | Fletching |
| 23:43 | Research | Fletching |
| 23:43 | Research | Fletching |
| 24:12 | Build | Farm |
| 25:00 | Queue | Rattan Archer |
| 25:00 | Queue | Rattan Archer |
| 25:15 | Research | Bodkin Arrow |
| 25:16 | Queue | Villager (Male) |
| 25:16 | Queue | Villager (Male) |
| 25:17 | Queue | Villager (Male) |
| 25:17 | Queue | Villager (Male) |
| 25:17 | Queue | Villager (Male) |
| 25:17 | Queue | Villager (Male) |
| 25:18 | Queue | Villager (Male) |
| 25:18 | Queue | Villager (Male) |
| 25:31 | Research | Horse Collar |
| 25:41 | Research | Bow Saw |
| 25:58 | Build | University |
| 25:58 | Queue | Villager (Male) |
| 25:59 | Queue | Villager (Male) |
| 25:59 | Queue | Villager (Male) |
| 25:59 | Queue | Villager (Male) |
| 26:27 | Queue | Villager (Male) |
| 26:27 | Queue | Villager (Male) |
| 26:27 | Queue | Villager (Male) |
| 26:28 | Queue | Villager (Male) |
| 26:35 | Build | Town Center |
| 26:40 | Queue | Villager (Male) |
| 26:40 | Queue | Villager (Male) |
| 26:40 | Queue | Villager (Male) |
| 26:44 | Build | Farm |
| 27:11 | Research | Gold Mining |
| 27:15 | Queue | Villager (Male) |
| 27:23 | Build | Farm |
| 27:23 | Build | Farm |
| 27:23 | Build | Farm |
| 27:24 | Build | Farm |
| 27:24 | Build | Farm |
| 27:24 | Build | Farm |
| 27:24 | Build | Farm |
| 27:25 | Build | Farm |
| 27:33 | Queue | Villager (Male) |
| 27:33 | Queue | Villager (Male) |
| 27:33 | Queue | Villager (Male) |
| 27:43 | Build | House |
| 27:45 | Build | House |
| 27:46 | Build | House |
| 28:01 | Queue | Villager (Male) |
Build order — madhatter
First 150 of 428 actions detected
| 0:07 | Queue | Villager (Male) |
| 0:07 | Queue | Villager (Male) |
| 0:08 | Build | House |
| 0:12 | Build | House |
| 0:27 | Queue | Villager (Male) |
| 0:30 | Queue | Villager (Male) |
| 1:43 | Queue | Villager (Male) |
| 2:00 | Queue | Villager (Male) |
| 2:19 | Queue | Villager (Male) |
| 2:40 | Queue | Villager (Male) |
| 3:09 | Queue | Villager (Male) |
| 3:38 | Build | Lumber Camp |
| 3:42 | Queue | Villager (Male) |
| 3:42 | Queue | Villager (Male) |
| 4:31 | Research | Loom |
| 5:12 | Build | Mill |
| 5:43 | Research | Feudal Age |
| 6:23 | Build | House |
| 7:18 | Build | Barracks |
| 7:53 | Age | Feudal Age |
| 7:56 | Queue | Villager (Male) |
| 7:57 | Research | Double-Bit Axe |
| 8:15 | Queue | Villager (Male) |
| 8:30 | Build | Stable |
| 8:35 | Queue | Villager (Male) |
| 8:51 | Build | House |
| 9:01 | Queue | Villager (Male) |
| 9:11 | Queue | Scout Cavalry |
| 9:19 | Queue | Scout Cavalry |
| 9:38 | Queue | Villager (Male) |
| 10:06 | Queue | Villager (Male) |
| 10:07 | Queue | Villager (Male) |
| 10:11 | Build | House |
| 10:33 | Queue | Villager (Male) |
| 10:55 | Queue | Villager (Male) |
| 11:10 | Queue | Villager (Male) |
| 11:43 | Queue | Villager (Male) |
| 12:08 | Queue | Scout Cavalry |
| 12:15 | Queue | Villager (Male) |
| 12:32 | Research | Horse Collar |
| 12:32 | Research | Horse Collar |
| 12:34 | Build | Farm |
| 12:34 | Build | Farm |
| 12:35 | Build | Farm |
| 12:35 | Build | Farm |
| 12:35 | Build | Farm |
| 12:35 | Build | Farm |
| 12:35 | Build | Farm |
| 12:36 | Build | Farm |
| 12:36 | Build | Farm |
| 12:36 | Build | Farm |
| 12:36 | Build | Farm |
| 12:37 | Build | Farm |
| 12:37 | Build | Farm |
| 12:37 | Build | Farm |
| 12:37 | Build | Farm |
| 12:46 | Build | House |
| 12:55 | Queue | Villager (Male) |
| 13:19 | Queue | Villager (Male) |
| 13:36 | Build | Farm |
| 13:37 | Queue | Villager (Male) |
| 14:01 | Queue | Villager (Male) |
| 14:17 | Queue | Villager (Male) |
| 14:49 | Queue | Villager (Male) |
| 15:15 | Build | Farm |
| 15:19 | Queue | Villager (Male) |
| 15:44 | Queue | Villager (Male) |
| 16:22 | Queue | Villager (Male) |
| 16:27 | Build | Mining Camp |
| 16:39 | Research | Wheelbarrow |
| 17:01 | Build | House |
| 17:28 | Build | Blacksmith |
| 18:04 | Queue | Villager (Male) |
| 18:30 | Queue | Villager (Male) |
| 18:45 | Research | Castle Age |
| 18:45 | Research | Castle Age |
| 19:11 | Build | Lumber Camp |
| 19:14 | Build | Lumber Camp |
| 19:21 | Build | House |
| 19:22 | Build | House |
| 19:36 | Research | Gold Mining |
| 19:45 | Build | Farm |
| 19:46 | Build | Farm |
| 19:58 | Build | Mining Camp |
| 20:47 | Research | Town Watch |
| 20:57 | Research | Stone Mining |
| 20:57 | Research | Stone Mining |
| 21:35 | Age | Castle Age |
| 21:44 | Research | Bow Saw |
| 21:49 | Research | Hand Cart |
| 21:56 | Build | Monastery |
| 22:06 | Research | Heavy Plow |
| 22:28 | Build | House |
| 22:29 | Build | House |
| 22:33 | Build | House |
| 22:43 | Queue | Villager (Male) |
| 22:46 | Queue | Monk |
| 22:46 | Queue | Monk |
| 23:17 | Queue | Villager (Male) |
| 23:27 | Build | Town Center |
| 23:30 | Queue | Villager (Male) |
| 24:07 | Queue | Villager (Male) |
| 24:14 | Build | Town Center |
| 24:17 | Queue | Villager (Male) |
| 24:25 | Queue | Villager (Male) |
| 25:10 | Build | Farm |
| 25:12 | Build | Farm |
| 25:14 | Queue | Villager (Male) |
| 25:17 | Queue | Villager (Male) |
| 25:18 | Queue | Villager (Male) |
| 25:21 | Build | House |
| 25:26 | Queue | Villager (Male) |
| 25:28 | Queue | Villager (Male) |
| 25:29 | Queue | Villager (Male) |
| 25:47 | Queue | Villager (Male) |
| 25:49 | Queue | Villager (Male) |
| 25:50 | Queue | Villager (Male) |
| 25:52 | Queue | Villager (Male) |
| 25:52 | Queue | Villager (Male) |
| 25:55 | Build | House |
| 25:56 | Build | House |
| 25:56 | Build | House |
| 25:56 | Build | House |
| 26:01 | Queue | Villager (Male) |
| 26:01 | Queue | Villager (Male) |
| 26:27 | Queue | Villager (Male) |
| 26:27 | Queue | Villager (Male) |
| 26:28 | Queue | Villager (Male) |
| 26:28 | Queue | Villager (Male) |
| 26:44 | Queue | Villager (Male) |
| 26:52 | Queue | Villager (Male) |
| 26:52 | Queue | Villager (Male) |
| 26:57 | Research | Gold Shaft Mining |
| 26:57 | Research | Stone Shaft Mining |
| 27:08 | Queue | Villager (Male) |
| 27:16 | Build | Town Center |
| 27:18 | Queue | Villager (Male) |
| 27:24 | Queue | Villager (Male) |
| 27:28 | Build | House |
| 27:29 | Build | House |
| 27:29 | Build | House |
| 27:30 | Build | House |
| 27:30 | Build | House |
| 27:44 | Build | Farm |
| 27:45 | Build | Farm |
| 27:45 | Build | Farm |
| 27:45 | Build | Farm |
| 27:45 | Build | Farm |
| 27:46 | Build | Farm |
| 27:46 | Build | Farm |
Build order — BorAstur
First 150 of 270 actions detected
| 0:09 | Queue | Villager (Male) |
| 0:12 | Queue | Villager (Male) |
| 0:12 | Queue | Villager (Male) |
| 0:13 | Queue | Villager (Male) |
| 0:13 | Queue | Villager (Male) |
| 0:13 | Queue | Villager (Male) |
| 0:28 | Research | Loom |
| 1:14 | Build | House |
| 1:48 | Build | House |
| 2:15 | Build | House |
| 2:26 | Queue | Villager (Male) |
| 2:27 | Queue | Villager (Male) |
| 2:27 | Queue | Villager (Male) |
| 2:27 | Queue | Villager (Male) |
| 3:22 | Queue | Villager (Male) |
| 4:06 | Build | Mill |
| 4:35 | Queue | Villager (Male) |
| 4:36 | Queue | Villager (Male) |
| 5:00 | Build | Farm |
| 5:13 | Build | Farm |
| 6:22 | Build | Farm |
| 6:50 | Queue | Villager (Male) |
| 6:50 | Queue | Villager (Male) |
| 6:51 | Queue | Villager (Male) |
| 6:51 | Queue | Villager (Male) |
| 6:51 | Queue | Villager (Male) |
| 6:52 | Queue | Villager (Male) |
| 7:33 | Build | Lumber Camp |
| 10:12 | Research | Feudal Age |
| 11:03 | Build | Farm |
| 11:19 | Build | Farm |
| 11:24 | Build | Farm |
| 11:28 | Build | Farm |
| 12:10 | Queue | Villager (Male) |
| 12:16 | Age | Feudal Age |
| 12:18 | Research | Town Watch |
| 12:19 | Research | Wheelbarrow |
| 12:26 | Research | Horse Collar |
| 12:38 | Queue | Villager (Male) |
| 12:39 | Queue | Villager (Male) |
| 12:39 | Queue | Villager (Male) |
| 12:50 | Build | House |
| 13:12 | Research | Double-Bit Axe |
| 13:46 | Build | Farm |
| 14:00 | Queue | Villager (Male) |
| 14:00 | Queue | Villager (Male) |
| 14:01 | Queue | Villager (Male) |
| 14:01 | Queue | Villager (Male) |
| 15:31 | Queue | Villager (Male) |
| 15:31 | Queue | Villager (Male) |
| 15:32 | Queue | Villager (Male) |
| 15:32 | Queue | Villager (Male) |
| 15:32 | Queue | Villager (Male) |
| 15:32 | Queue | Villager (Male) |
| 15:42 | Build | Farm |
| 15:50 | Build | Farm |
| 15:58 | Build | Farm |
| 16:07 | Build | Farm |
| 16:28 | Queue | Villager (Male) |
| 16:29 | Queue | Villager (Male) |
| 16:29 | Queue | Villager (Male) |
| 16:37 | Build | House |
| 16:45 | Build | House |
| 16:49 | Build | House |
| 16:53 | Build | House |
| 17:27 | Build | Blacksmith |
| 17:36 | Queue | Villager (Male) |
| 17:36 | Queue | Villager (Male) |
| 17:36 | Queue | Villager (Male) |
| 17:36 | Queue | Villager (Male) |
| 18:10 | Build | Market |
| 18:30 | Build | Mining Camp |
| 18:45 | Queue | Villager (Male) |
| 18:46 | Queue | Villager (Male) |
| 18:46 | Queue | Villager (Male) |
| 18:47 | Queue | Villager (Male) |
| 19:33 | Research | Padded Archer Armor |
| 19:34 | Research | Fletching |
| 19:35 | Research | Forging |
| 20:15 | Research | Gold Mining |
| 20:40 | Build | Farm |
| 20:50 | Queue | Villager (Male) |
| 20:50 | Queue | Villager (Male) |
| 20:50 | Queue | Villager (Male) |
| 20:50 | Queue | Villager (Male) |
| 21:43 | Research | Castle Age |
| 21:45 | Queue | Villager (Male) |
| 21:45 | Queue | Villager (Male) |
| 21:45 | Queue | Villager (Male) |
| 22:56 | Queue | Trade Cart |
| 23:00 | Queue | Trade Cart |
| 23:27 | Research | Scale Mail Armor |
| 23:32 | Research | Scale Barding Armor |
| 24:08 | Age | Castle Age |
| 25:06 | Research | Gold Shaft Mining |
| 25:15 | Research | Bow Saw |
| 26:09 | Research | Coinage |
| 26:12 | Research | Caravan |
| 26:19 | Research | Hand Cart |
| 26:42 | Research | Heavy Plow |
| 28:01 | Queue | Villager (Male) |
| 28:01 | Queue | Villager (Male) |
| 28:01 | Queue | Villager (Male) |
| 28:02 | Queue | Villager (Male) |
| 28:02 | Queue | Villager (Male) |
| 28:02 | Queue | Villager (Male) |
| 28:03 | Queue | Villager (Male) |
| 28:41 | Build | Barracks |
| 28:54 | Research | Stone Mining |
| 29:54 | Build | Stable |
| 30:08 | Research | Chain Barding Armor |
| 30:19 | Queue | Trade Cart |
| 30:19 | Queue | Trade Cart |
| 30:52 | Build | House |
| 31:02 | Build | House |
| 31:06 | Build | House |
| 31:13 | Queue | Trade Cart |
| 31:14 | Queue | Trade Cart |
| 31:14 | Queue | Trade Cart |
| 31:14 | Queue | Trade Cart |
| 31:14 | Queue | Trade Cart |
| 31:31 | Queue | Villager (Male) |
| 31:31 | Queue | Villager (Male) |
| 31:32 | Queue | Villager (Male) |
| 31:32 | Queue | Villager (Male) |
| 31:33 | Queue | Villager (Male) |
| 31:33 | Queue | Villager (Male) |
| 31:33 | Queue | Villager (Male) |
| 31:42 | Research | Stone Shaft Mining |
| 32:02 | Build | Mining Camp |
| 33:53 | Build | Castle |
| 34:07 | Queue | Villager (Male) |
| 34:08 | Queue | Villager (Male) |
| 34:08 | Queue | Villager (Male) |
| 34:08 | Queue | Villager (Male) |
| 34:08 | Queue | Villager (Male) |
| 34:09 | Queue | Villager (Male) |
| 34:09 | Queue | Villager (Male) |
| 34:36 | Queue | Trade Cart |
| 34:36 | Queue | Trade Cart |
| 34:37 | Queue | Trade Cart |
| 34:37 | Queue | Trade Cart |
| 35:55 | Queue | War Elephant |
| 36:02 | Queue | War Elephant |
| 36:04 | Queue | War Elephant |
| 36:05 | Queue | War Elephant |
| 36:07 | Queue | War Elephant |
| 36:08 | Queue | War Elephant |
| 36:10 | Queue | War Elephant |
| 36:11 | Queue | War Elephant |
Build order — Ayax
First 150 of 390 actions detected
| 0:03 | Build | House |
| 0:05 | Build | House |
| 0:07 | Queue | Villager (Male) ×4 |
| 0:07 | Queue | Villager (Male) ×4 |
| 1:37 | Queue | Villager (Male) |
| 1:37 | Queue | Villager (Male) |
| 2:06 | Queue | Villager (Male) |
| 2:07 | Queue | Villager (Male) |
| 2:24 | Queue | Villager (Male) |
| 2:24 | Queue | Villager (Male) |
| 3:21 | Queue | Villager (Male) ×2 |
| 3:21 | Queue | Villager (Male) ×2 |
| 3:40 | Queue | Villager (Male) |
| 3:40 | Queue | Villager (Male) |
| 3:40 | Queue | Villager (Male) |
| 4:04 | Build | House |
| 4:05 | Build | House |
| 4:20 | Queue | Villager (Male) |
| 4:21 | Queue | Villager (Male) |
| 4:21 | Queue | Villager (Male) |
| 4:52 | Queue | Villager (Male) |
| 4:52 | Queue | Villager (Male) |
| 4:59 | Queue | Villager (Male) |
| 4:59 | Queue | Villager (Male) |
| 5:31 | Queue | Villager (Male) |
| 5:31 | Queue | Villager (Male) |
| 5:45 | Queue | Villager (Male) |
| 5:45 | Queue | Villager (Male) |
| 5:52 | Queue | Villager (Male) |
| 5:52 | Queue | Villager (Male) |
| 6:16 | Queue | Villager (Male) |
| 6:16 | Queue | Villager (Male) |
| 6:59 | Queue | Villager (Male) |
| 6:59 | Queue | Villager (Male) |
| 7:11 | Build | Settlement |
| 7:30 | Build | Settlement |
| 7:58 | Queue | Villager (Male) |
| 7:59 | Queue | Villager (Male) |
| 8:31 | Queue | Villager (Male) |
| 8:31 | Queue | Villager (Male) |
| 9:49 | Research | Feudal Age |
| 10:06 | Queue | Villager (Male) |
| 10:06 | Queue | Villager (Male) |
| 12:12 | Age | Feudal Age |
| 12:14 | Research | Double-Bit Axe |
| 12:15 | Research | Horse Collar |
| 12:18 | Research | Wheelbarrow |
| 12:30 | Build | Market |
| 12:45 | Build | Blacksmith |
| 13:41 | Build | Farm |
| 13:42 | Build | Farm |
| 13:42 | Build | Farm |
| 13:42 | Build | Farm |
| 13:42 | Build | Farm |
| 13:44 | Build | Farm |
| 13:53 | Build | Settlement |
| 14:17 | Research | Castle Age |
| 14:17 | Research | Castle Age |
| 15:13 | Build | Palisade Wall |
| 15:22 | Build | Palisade Gate |
| 15:26 | Build | Palisade Gate |
| 15:52 | Queue | Villager (Male) |
| 15:52 | Queue | Villager (Male) |
| 16:57 | Age | Castle Age |
| 17:00 | Build | Town Center |
| 17:05 | Build | Town Center |
| 17:13 | Queue | Villager (Male) ×5 |
| 18:27 | Queue | Villager (Male) ×5 |
| 18:28 | Queue | Villager (Male) ×5 |
| 18:29 | Queue | Villager (Male) ×5 |
| 18:44 | Build | Farm |
| 18:58 | Build | Monastery |
| 19:14 | Build | Settlement |
| 19:18 | Queue | Villager (Male) ×2 |
| 19:18 | Queue | Villager (Male) ×2 |
| 19:30 | Queue | Monk |
| 19:33 | Research | Fervor |
| 19:42 | Queue | Monk |
| 19:49 | Queue | Villager (Male) |
| 19:49 | Queue | Villager (Male) |
| 19:49 | Queue | Villager (Male) |
| 19:59 | Build | Farm |
| 19:59 | Build | Farm |
| 20:00 | Build | Farm |
| 20:03 | Build | Farm |
| 20:06 | Queue | Villager (Male) |
| 20:06 | Queue | Villager (Male) |
| 20:06 | Queue | Villager (Male) |
| 20:11 | Build | Farm |
| 20:12 | Build | Farm |
| 20:13 | Build | Farm |
| 20:16 | Queue | Villager (Male) |
| 20:16 | Queue | Villager (Male) |
| 20:22 | Build | Farm |
| 20:22 | Build | Farm |
| 20:24 | Build | Farm |
| 20:47 | Queue | Villager (Male) ×2 |
| 20:48 | Queue | Villager (Male) ×2 |
| 21:18 | Build | House |
| 21:19 | Build | House |
| 21:19 | Build | House |
| 21:19 | Build | House |
| 21:19 | Build | House |
| 21:19 | Build | House |
| 21:20 | Build | House |
| 21:20 | Build | House |
| 21:20 | Build | House |
| 21:20 | Build | House |
| 21:20 | Build | House |
| 21:21 | Build | House |
| 21:44 | Research | Sanctity |
| 21:47 | Research | Loom |
| 21:51 | Queue | Villager (Male) ×5 |
| 21:51 | Queue | Villager (Male) ×5 |
| 22:03 | Queue | Monk |
| 22:12 | Queue | Villager (Male) ×3 |
| 22:12 | Queue | Villager (Male) ×3 |
| 22:12 | Queue | Villager (Male) ×3 |
| 22:45 | Queue | Villager (Male) ×5 |
| 22:45 | Queue | Villager (Male) ×5 |
| 22:45 | Queue | Villager (Male) ×5 |
| 23:06 | Build | Farm |
| 23:06 | Build | Farm |
| 23:06 | Build | Farm |
| 23:07 | Build | Farm |
| 23:12 | Build | Farm |
| 23:14 | Queue | Villager (Male) ×4 |
| 23:14 | Queue | Villager (Male) ×4 |
| 23:15 | Queue | Villager (Male) ×4 |
| 24:09 | Research | Hand Cart |
| 24:11 | Queue | Villager (Male) |
| 24:12 | Queue | Villager (Male) |
| 24:35 | Queue | Villager (Male) ×4 |
| 24:35 | Queue | Villager (Male) ×4 |
| 24:35 | Queue | Villager (Male) ×4 |
| 25:27 | Queue | Villager (Male) ×5 |
| 25:28 | Queue | Villager (Male) ×5 |
| 25:28 | Queue | Villager (Male) ×4 |
| 25:35 | Build | House |
| 25:35 | Build | House |
| 25:36 | Build | House |
| 25:36 | Build | House |
| 25:38 | Build | House |
| 25:38 | Build | House |
| 25:38 | Build | House |
| 25:39 | Build | House |
| 25:39 | Build | House |
| 25:51 | Research | Town Watch |
| 26:00 | Build | Settlement |
| 26:18 | Build | Farm |
Build order — Spellmax
First 150 of 273 actions detected
| 0:10 | Build | House |
| 0:11 | Build | House |
| 0:17 | Queue | Villager (Male) ×4 |
| 2:05 | Queue | Villager (Male) |
| 2:05 | Queue | Villager (Male) |
| 2:06 | Queue | Villager (Male) |
| 2:08 | Research | Loom |
| 2:15 | Queue | Villager (Male) |
| 2:15 | Queue | Villager (Male) |
| 2:45 | Queue | Villager (Male) |
| 2:45 | Queue | Villager (Male) |
| 3:10 | Build | Lumber Camp |
| 4:24 | Queue | Villager (Male) |
| 4:24 | Queue | Villager (Male) |
| 4:24 | Queue | Villager (Male) |
| 4:24 | Queue | Villager (Male) |
| 4:26 | Queue | Villager (Male) |
| 4:26 | Queue | Villager (Male) |
| 4:42 | Build | House |
| 5:54 | Queue | Villager (Male) |
| 5:54 | Queue | Villager (Male) |
| 5:54 | Queue | Villager (Male) |
| 7:37 | Build | Mill |
| 7:49 | Queue | Villager (Male) |
| 7:49 | Queue | Villager (Male) |
| 7:49 | Queue | Villager (Male) |
| 7:49 | Queue | Villager (Male) |
| 7:50 | Queue | Villager (Male) |
| 8:25 | Build | House |
| 9:49 | Research | Feudal Age |
| 11:10 | Queue | Villager (Male) |
| 11:10 | Queue | Villager (Male) |
| 11:11 | Queue | Villager (Male) |
| 11:11 | Queue | Villager (Male) |
| 11:11 | Queue | Villager (Male) |
| 11:54 | Build | House |
| 11:55 | Build | House |
| 11:56 | Build | House |
| 12:16 | Age | Feudal Age |
| 12:18 | Research | Wheelbarrow |
| 12:24 | Queue | Villager (Male) |
| 12:24 | Queue | Villager (Male) |
| 12:24 | Queue | Villager (Male) |
| 12:25 | Queue | Villager (Male) |
| 12:25 | Queue | Villager (Male) |
| 12:38 | Build | Mining Camp |
| 13:33 | Build | Blacksmith |
| 13:45 | Build | Farm |
| 13:50 | Build | Farm |
| 13:56 | Build | Farm |
| 14:02 | Build | Farm |
| 14:04 | Research | Horse Collar |
| 14:35 | Build | Farm |
| 14:47 | Build | Farm |
| 15:44 | Build | Farm |
| 15:52 | Build | Farm |
| 16:47 | Research | Castle Age |
| 17:02 | Build | Farm |
| 17:06 | Build | Farm |
| 17:28 | Build | Stable |
| 17:31 | Build | Stable |
| 17:54 | Build | Stone Wall |
| 18:04 | Research | Double-Bit Axe |
| 18:27 | Queue | Villager (Male) ×5 |
| 19:27 | Age | Castle Age |
| 19:37 | Build | Town Center |
| 20:11 | Queue | Villager (Male) ×5 |
| 20:26 | Build | Farm |
| 20:42 | Queue | Villager (Male) ×5 |
| 21:06 | Build | Mining Camp |
| 21:54 | Queue | Villager (Male) |
| 21:54 | Queue | Villager (Male) |
| 21:54 | Queue | Villager (Male) |
| 22:19 | Build | Market |
| 23:03 | Research | Bow Saw |
| 23:06 | Research | Gold Mining |
| 23:23 | Build | House |
| 23:59 | Queue | Trade Cart |
| 23:59 | Queue | Trade Cart |
| 24:16 | Research | Gold Shaft Mining |
| 24:21 | Research | Stone Mining |
| 24:36 | Build | House |
| 24:38 | Build | House |
| 24:44 | Build | House |
| 25:16 | Build | Farm |
| 25:16 | Build | Farm |
| 25:21 | Queue | Villager (Male) ×5 |
| 25:21 | Queue | Villager (Male) ×5 |
| 25:30 | Queue | Villager (Male) ×5 |
| 25:31 | Queue | Villager (Male) ×5 |
| 25:46 | Build | Lumber Camp |
| 25:56 | Build | Farm |
| 26:03 | Build | Farm |
| 26:17 | Build | Farm |
| 26:31 | Research | Stone Shaft Mining |
| 27:17 | Research | Scale Mail Armor |
| 27:17 | Research | Scale Barding Armor |
| 27:20 | Research | Forging |
| 27:40 | Build | Farm |
| 27:45 | Build | Farm |
| 27:54 | Build | Farm |
| 28:11 | Build | Town Center |
| 28:24 | Queue | Trade Cart |
| 28:25 | Queue | Trade Cart |
| 28:25 | Queue | Trade Cart |
| 28:36 | Queue | Battle Elephant ×4 |
| 28:36 | Queue | Battle Elephant ×4 |
| 29:19 | Build | Stable |
| 29:21 | Build | Stable |
| 29:43 | Research | Hand Cart |
| 30:03 | Build | Lumber Camp |
| 30:49 | Build | Castle |
| 31:07 | Queue | Villager (Male) ×5 |
| 31:07 | Queue | Villager (Male) ×5 |
| 31:07 | Queue | Villager (Male) ×5 |
| 31:23 | Build | House |
| 31:23 | Build | House |
| 31:23 | Build | House |
| 31:24 | Build | House |
| 31:24 | Build | House |
| 31:24 | Build | House |
| 31:24 | Build | House |
| 31:25 | Build | House |
| 31:25 | Build | House |
| 31:25 | Build | House |
| 31:26 | Build | House |
| 31:26 | Build | House |
| 31:26 | Build | House |
| 31:55 | Build | University |
| 32:07 | Research | Caravan |
| 32:22 | Queue | Villager (Male) ×3 |
| 32:40 | Build | Lumber Camp |
| 33:26 | Build | Mining Camp |
| 33:49 | Build | Mining Camp |
| 33:59 | Queue | Trade Cart ×5 |
| 34:09 | Queue | Villager (Male) ×5 |
| 34:12 | Queue | Villager (Male) ×5 |
| 34:15 | Queue | Villager (Male) ×2 |
| 34:27 | Build | Farm |
| 34:32 | Build | Farm |
| 34:37 | Build | Farm |
| 34:42 | Build | Farm |
| 34:46 | Build | Farm |
| 34:51 | Build | Farm |
| 34:55 | Build | Farm |
| 35:01 | Build | Farm |
| 35:06 | Build | Farm |
| 35:16 | Build | Farm |
| 35:20 | Build | House |
| 35:20 | Build | House |
Build order — BENEKLİ AYHAN
First 150 of 394 actions detected
| 0:20 | Queue | Villager (Male) |
| 0:20 | Queue | Villager (Male) |
| 0:20 | Queue | Villager (Male) |
| 0:21 | Queue | Villager (Male) |
| 0:21 | Queue | Villager (Male) |
| 0:24 | Build | House |
| 0:28 | Build | House |
| 1:40 | Queue | Villager (Male) |
| 1:40 | Queue | Villager (Male) |
| 2:29 | Build | Lumber Camp |
| 2:33 | Queue | Villager (Male) |
| 2:33 | Queue | Villager (Male) |
| 2:35 | Queue | Villager (Male) |
| 3:41 | Build | House |
| 4:38 | Queue | Villager (Male) |
| 4:38 | Queue | Villager (Male) |
| 4:39 | Queue | Villager (Male) |
| 4:39 | Queue | Villager (Male) |
| 4:39 | Queue | Villager (Male) |
| 6:20 | Queue | Villager (Male) |
| 6:21 | Queue | Villager (Male) |
| 6:21 | Queue | Villager (Male) |
| 6:21 | Queue | Villager (Male) |
| 8:13 | Build | Mill |
| 8:30 | Build | Mining Camp |
| 9:01 | Research | Feudal Age |
| 9:39 | Build | House |
| 9:44 | Build | House |
| 11:11 | Age | Feudal Age |
| 11:22 | Queue | Villager (Male) |
| 11:26 | Research | Loom |
| 11:49 | Queue | Villager (Male) |
| 11:49 | Queue | Villager (Male) |
| 11:50 | Queue | Villager (Male) |
| 11:57 | Queue | Villager (Male) |
| 11:57 | Queue | Villager (Male) |
| 11:57 | Queue | Villager (Male) |
| 11:58 | Queue | Villager (Male) |
| 12:52 | Build | Barracks |
| 13:01 | Build | Blacksmith |
| 13:38 | Queue | Villager (Male) |
| 13:40 | Queue | Villager (Male) |
| 13:46 | Queue | Villager (Male) |
| 14:19 | Queue | Villager (Male) |
| 14:37 | Build | Mining Camp |
| 15:28 | Research | Castle Age |
| 16:56 | Build | Farm |
| 16:56 | Build | Farm |
| 16:56 | Build | Farm |
| 16:57 | Build | Farm |
| 16:57 | Build | Farm |
| 16:57 | Build | Farm |
| 16:57 | Build | Farm |
| 16:58 | Build | Farm |
| 17:04 | Queue | Villager (Male) |
| 17:04 | Queue | Villager (Male) |
| 17:05 | Queue | Villager (Male) |
| 17:05 | Queue | Villager (Male) |
| 17:05 | Queue | Villager (Male) |
| 17:05 | Queue | Villager (Male) |
| 17:19 | Build | House |
| 17:21 | Build | House |
| 17:22 | Build | House |
| 17:23 | Build | House |
| 18:08 | Age | Castle Age |
| 18:14 | Build | Town Center |
| 19:14 | Queue | Villager (Male) |
| 19:15 | Queue | Villager (Male) |
| 19:40 | Build | Archery Range |
| 19:44 | Build | Stable |
| 19:57 | Queue | Villager (Male) |
| 20:14 | Build | Monastery |
| 20:30 | Queue | Villager (Male) |
| 20:57 | Build | Lumber Camp |
| 21:06 | Queue | Villager (Male) |
| 21:06 | Queue | Villager (Male) |
| 21:19 | Queue | Monk |
| 21:43 | Research | Horse Collar |
| 22:11 | Build | Castle |
| 22:31 | Queue | Villager (Male) |
| 22:31 | Queue | Villager (Male) |
| 22:31 | Queue | Villager (Male) |
| 22:32 | Queue | Villager (Male) |
| 22:48 | Queue | Villager (Male) |
| 22:48 | Queue | Villager (Male) |
| 22:54 | Build | Farm |
| 22:54 | Build | Farm |
| 22:54 | Build | Farm |
| 22:55 | Build | Farm |
| 22:55 | Build | Farm |
| 22:55 | Build | Farm |
| 22:55 | Build | Farm |
| 22:56 | Build | Farm |
| 22:56 | Build | Farm |
| 22:57 | Build | Farm |
| 22:57 | Build | Farm |
| 23:05 | Queue | Villager (Male) |
| 23:05 | Queue | Villager (Male) |
| 23:26 | Queue | Villager (Male) |
| 23:46 | Research | Gold Mining |
| 23:56 | Build | Farm |
| 23:56 | Build | Farm |
| 23:57 | Build | Farm |
| 23:57 | Build | Farm |
| 23:57 | Build | Farm |
| 23:57 | Build | Farm |
| 23:58 | Build | Farm |
| 24:53 | Queue | Villager (Male) |
| 24:54 | Queue | Villager (Male) |
| 24:54 | Queue | Villager (Male) |
| 24:59 | Research | Wheelbarrow |
| 25:02 | Queue | Villager (Male) |
| 25:02 | Queue | Villager (Male) |
| 25:03 | Queue | Villager (Male) |
| 25:03 | Queue | Villager (Male) |
| 25:20 | Research | Heavy Plow |
| 25:22 | Queue | Villager (Male) |
| 25:43 | Research | Double-Bit Axe |
| 26:14 | Queue | Ballista Elephant |
| 26:14 | Queue | Ballista Elephant |
| 26:14 | Queue | Ballista Elephant |
| 26:25 | Queue | Villager (Male) |
| 26:25 | Queue | Villager (Male) |
| 26:30 | Queue | Villager (Male) |
| 26:30 | Queue | Villager (Male) |
| 27:02 | Research | Bow Saw |
| 27:16 | Research | Scale Barding Armor |
| 27:25 | Queue | Villager (Male) |
| 27:26 | Queue | Villager (Male) |
| 27:30 | Queue | Villager (Male) |
| 27:31 | Queue | Villager (Male) |
| 28:06 | Research | Forging |
| 28:29 | Queue | Villager (Male) |
| 28:30 | Queue | Villager (Male) |
| 28:30 | Queue | Villager (Male) |
| 28:31 | Queue | Villager (Male) |
| 28:31 | Queue | Villager (Male) |
| 28:37 | Queue | Villager (Male) |
| 28:38 | Queue | Villager (Male) |
| 29:12 | Build | Town Center |
| 29:20 | Build | Farm |
| 29:20 | Build | Farm |
| 29:21 | Build | Farm |
| 29:21 | Build | Farm |
| 29:21 | Build | Farm |
| 29:21 | Build | Farm |
| 29:22 | Build | Farm |
| 29:22 | Build | Farm |
| 29:22 | Build | Farm |
| 29:23 | Build | Farm |
Build order — Bantum
First 150 of 481 actions detected
| 0:01 | Queue | Villager (Male) |
| 0:01 | Queue | Villager (Male) |
| 0:02 | Queue | Villager (Male) |
| 0:03 | Build | House |
| 0:04 | Build | House |
| 0:38 | Queue | Villager (Male) |
| 0:38 | Queue | Villager (Male) |
| 1:22 | Queue | Villager (Male) |
| 1:22 | Queue | Villager (Male) |
| 1:52 | Queue | Villager (Male) |
| 2:25 | Queue | Villager (Male) |
| 2:46 | Queue | Villager (Male) |
| 3:18 | Build | House |
| 3:23 | Queue | Villager (Male) |
| 3:24 | Queue | Villager (Male) |
| 4:09 | Queue | Villager (Male) |
| 4:16 | Queue | Villager (Male) |
| 4:29 | Queue | Villager (Male) |
| 4:38 | Queue | Villager (Male) |
| 5:12 | Queue | Villager (Male) |
| 5:12 | Queue | Villager (Male) |
| 5:19 | Build | Lumber Camp |
| 5:50 | Build | House |
| 6:07 | Queue | Villager (Male) |
| 6:23 | Queue | Villager (Male) |
| 6:27 | Queue | Villager (Male) |
| 6:52 | Queue | Villager (Male) |
| 7:00 | Build | Mill |
| 7:18 | Build | Mill |
| 7:33 | Queue | Villager (Male) |
| 7:52 | Queue | Villager (Male) |
| 8:14 | Build | House |
| 8:31 | Research | Loom |
| 8:51 | Build | Mining Camp |
| 8:54 | Build | Lumber Camp |
| 9:13 | Research | Feudal Age |
| 9:48 | Queue | Villager (Male) |
| 11:23 | Age | Feudal Age |
| 11:30 | Build | Blacksmith |
| 11:32 | Build | Mining Camp |
| 11:49 | Build | Market |
| 11:55 | Queue | Villager (Male) |
| 11:59 | Build | Lumber Camp |
| 12:20 | Research | Double-Bit Axe |
| 12:24 | Research | Castle Age |
| 13:05 | Build | Barracks |
| 13:07 | Build | House |
| 13:34 | Queue | Spearman |
| 13:35 | Queue | Spearman |
| 13:35 | Queue | Spearman |
| 14:10 | Queue | Spearman |
| 14:55 | Queue | Villager (Male) |
| 14:57 | Queue | Spearman |
| 14:58 | Queue | Spearman |
| 15:03 | Queue | Villager (Male) |
| 15:04 | Age | Castle Age |
| 15:07 | Build | House |
| 15:09 | Research | Loom |
| 15:13 | Queue | Villager (Male) |
| 15:13 | Research | Loom |
| 15:24 | Build | Stone Wall |
| 15:27 | Queue | Villager (Male) |
| 15:27 | Queue | Villager (Male) |
| 15:52 | Queue | Villager (Male) |
| 16:27 | Queue | Villager (Male) |
| 16:38 | Build | Town Center |
| 17:07 | Build | Gate |
| 17:29 | Queue | Villager (Male) |
| 17:29 | Queue | Villager (Male) |
| 17:33 | Build | Farm |
| 17:33 | Build | Farm |
| 17:33 | Build | Farm |
| 17:34 | Build | Farm |
| 17:34 | Build | Farm |
| 17:49 | Queue | Villager (Male) |
| 17:49 | Queue | Villager (Male) |
| 17:49 | Queue | Villager (Male) |
| 18:10 | Build | Gate |
| 18:21 | Build | Gate |
| 18:28 | Build | Stone Wall |
| 18:29 | Queue | Villager (Male) |
| 18:30 | Queue | Villager (Male) |
| 18:40 | Build | Mining Camp |
| 18:47 | Queue | Villager (Male) |
| 18:47 | Queue | Villager (Male) |
| 18:50 | Build | House |
| 19:00 | Build | Farm |
| 19:00 | Build | Farm |
| 19:00 | Build | Farm |
| 19:00 | Build | Farm |
| 19:00 | Build | Farm |
| 19:01 | Build | Farm |
| 19:14 | Build | Farm |
| 19:15 | Queue | Villager (Male) |
| 19:15 | Queue | Villager (Male) |
| 19:21 | Build | House |
| 19:22 | Build | House |
| 19:24 | Build | House |
| 19:26 | Build | House |
| 19:43 | Research | Wheelbarrow |
| 19:46 | Build | Farm |
| 19:46 | Build | Farm |
| 19:46 | Build | Farm |
| 20:04 | Queue | Villager (Male) |
| 20:27 | Queue | Villager (Male) |
| 20:34 | Build | Farm |
| 20:36 | Build | Farm |
| 20:37 | Queue | Villager (Male) |
| 20:38 | Queue | Villager (Male) |
| 20:39 | Queue | Villager (Male) |
| 20:39 | Queue | Villager (Male) |
| 20:52 | Research | Bow Saw |
| 20:58 | Queue | Villager (Male) |
| 21:13 | Research | Horse Collar |
| 22:02 | Queue | Villager (Male) |
| 22:02 | Queue | Villager (Male) |
| 22:03 | Queue | Villager (Male) |
| 22:03 | Queue | Villager (Male) |
| 22:16 | Queue | Trade Cart |
| 22:16 | Queue | Trade Cart |
| 22:16 | Queue | Trade Cart |
| 22:18 | Queue | Villager (Male) |
| 22:18 | Queue | Villager (Male) |
| 22:21 | Queue | Villager (Male) |
| 22:29 | Queue | Villager (Male) |
| 22:41 | Build | Market |
| 22:42 | Build | Market |
| 22:46 | Build | Mining Camp |
| 22:51 | Build | Farm |
| 22:51 | Build | Farm |
| 22:58 | Build | Farm |
| 22:59 | Build | Farm |
| 23:00 | Build | Farm |
| 23:11 | Queue | Trade Cart |
| 23:12 | Queue | Trade Cart |
| 23:12 | Queue | Trade Cart |
| 23:23 | Queue | Villager (Male) |
| 23:25 | Queue | Villager (Male) |
| 23:37 | Build | Farm |
| 23:38 | Queue | Villager (Male) |
| 23:42 | Build | Mining Camp |
| 23:43 | Queue | Trade Cart |
| 23:44 | Queue | Trade Cart |
| 23:44 | Queue | Trade Cart |
| 24:11 | Queue | Villager (Male) |
| 24:42 | Queue | Villager (Male) |
| 24:42 | Queue | Villager (Male) |
| 24:44 | Research | Caravan |
| 24:45 | Queue | Villager (Male) |
| 24:46 | Queue | Villager (Male) |
Build order — Nabican
First 150 of 364 actions detected
| 0:08 | Build | House |
| 0:12 | Queue | Villager (Male) |
| 0:13 | Queue | Villager (Male) ×4 |
| 0:13 | Queue | Villager (Male) ×4 |
| 0:13 | Queue | Villager (Male) ×3 |
| 0:17 | Build | House |
| 1:28 | Queue | Villager (Male) |
| 2:10 | Queue | Villager (Male) |
| 2:10 | Queue | Villager (Male) |
| 2:43 | Queue | Villager (Male) |
| 2:49 | Queue | Villager (Male) |
| 3:30 | Queue | Villager (Male) |
| 3:40 | Build | House |
| 3:59 | Queue | Villager (Male) |
| 4:13 | Build | Mill |
| 4:18 | Queue | Villager (Male) |
| 5:00 | Queue | Villager (Male) |
| 5:00 | Queue | Villager (Male) |
| 5:05 | Queue | Villager (Male) |
| 5:05 | Queue | Villager (Male) |
| 5:31 | Queue | Villager (Male) |
| 5:32 | Queue | Villager (Male) |
| 5:32 | Queue | Villager (Male) |
| 6:15 | Queue | Villager (Male) |
| 6:21 | Build | House |
| 6:40 | Queue | Villager (Male) |
| 6:57 | Build | Lumber Camp |
| 7:04 | Queue | Villager (Male) |
| 7:05 | Queue | Villager (Male) |
| 7:54 | Research | Loom |
| 8:52 | Research | Feudal Age |
| 8:54 | Queue | Villager (Male) |
| 8:55 | Queue | Villager (Male) |
| 10:34 | Build | Farm |
| 10:36 | Build | Farm |
| 10:37 | Build | Farm |
| 10:38 | Build | Farm |
| 10:40 | Build | Farm |
| 10:44 | Build | Farm |
| 11:02 | Age | Feudal Age |
| 11:08 | Research | Town Watch |
| 11:22 | Research | Horse Collar |
| 11:30 | Research | Double-Bit Axe |
| 11:42 | Queue | Villager (Male) |
| 11:42 | Queue | Villager (Male) |
| 11:42 | Queue | Villager (Male) |
| 11:54 | Build | House |
| 12:20 | Research | Wheelbarrow |
| 13:04 | Build | Market |
| 13:14 | Build | Mining Camp |
| 13:51 | Build | Farm |
| 13:53 | Build | Farm |
| 13:54 | Build | Farm |
| 13:55 | Build | Farm |
| 13:56 | Build | Farm |
| 13:58 | Build | Farm |
| 14:10 | Queue | Villager (Male) |
| 14:10 | Queue | Villager (Male) |
| 14:46 | Build | Mining Camp |
| 15:07 | Build | Blacksmith |
| 15:19 | Build | Farm |
| 15:23 | Queue | Villager (Male) |
| 15:23 | Queue | Villager (Male) |
| 15:34 | Build | House |
| 15:56 | Build | House |
| 16:07 | Queue | Villager (Male) |
| 16:08 | Queue | Villager (Male) |
| 16:26 | Build | Farm |
| 16:30 | Build | Farm |
| 16:52 | Build | Farm |
| 16:55 | Research | Gold Mining |
| 17:31 | Build | Farm |
| 17:34 | Queue | Villager (Male) |
| 17:34 | Queue | Villager (Male) |
| 17:34 | Queue | Villager (Male) |
| 17:35 | Queue | Villager (Male) |
| 18:05 | Build | House |
| 18:14 | Build | Farm |
| 18:41 | Build | House |
| 18:48 | Research | Castle Age |
| 19:10 | Build | House |
| 19:45 | Research | Stone Mining |
| 19:58 | Build | Farm |
| 20:59 | Build | Mining Camp |
| 21:30 | Age | Castle Age |
| 21:34 | Research | Hand Cart |
| 21:36 | Research | Town Patrol |
| 21:39 | Research | Gold Shaft Mining |
| 21:49 | Research | Bow Saw |
| 22:00 | Build | Town Center |
| 22:23 | Queue | Villager (Male) |
| 22:24 | Queue | Villager (Male) |
| 23:08 | Build | Lumber Camp |
| 23:28 | Research | Heavy Plow |
| 23:40 | Queue | Villager (Male) |
| 23:40 | Queue | Villager (Male) |
| 23:40 | Queue | Villager (Male) |
| 23:45 | Queue | Villager (Male) |
| 23:46 | Queue | Villager (Male) |
| 24:12 | Build | Farm |
| 24:40 | Build | Castle |
| 24:46 | Queue | Villager (Male) |
| 24:48 | Queue | Villager (Male) |
| 24:50 | Queue | Villager (Male) |
| 24:52 | Queue | Villager (Male) |
| 25:35 | Research | Caravan |
| 25:36 | Research | Coinage |
| 25:43 | Queue | Villager (Male) |
| 25:43 | Queue | Villager (Male) |
| 25:45 | Queue | Villager (Male) |
| 25:45 | Queue | Villager (Male) |
| 25:45 | Queue | Villager (Male) |
| 26:15 | Queue | Villager (Male) |
| 26:15 | Queue | Villager (Male) |
| 26:23 | Queue | Villager (Male) |
| 26:24 | Queue | Villager (Male) |
| 26:33 | Queue | Trade Cart |
| 26:33 | Queue | Trade Cart |
| 26:34 | Queue | Trade Cart |
| 26:34 | Queue | Trade Cart |
| 26:34 | Queue | Trade Cart |
| 28:14 | Queue | Villager (Male) |
| 28:14 | Queue | Villager (Male) |
| 28:14 | Queue | Villager (Male) |
| 28:17 | Queue | Villager (Male) |
| 28:18 | Queue | Villager (Male) |
| 28:42 | Research | Imperial Age |
| 29:49 | Queue | Villager (Male) |
| 29:49 | Queue | Villager (Male) |
| 29:49 | Queue | Villager (Male) |
| 29:50 | Queue | Villager (Male) |
| 31:05 | Build | Town Center |
| 31:12 | Queue | Villager (Male) |
| 31:12 | Queue | Villager (Male) |
| 31:17 | Queue | Villager (Male) |
| 31:18 | Queue | Villager (Male) |
| 31:18 | Queue | Villager (Male) |
| 31:42 | Queue | Villager (Male) |
| 31:54 | Age | Imperial Age |
| 32:00 | Queue | Villager (Male) |
| 32:07 | Research | Two-Man Saw |
| 32:37 | Research | Scale Barding Armor |
| 32:38 | Research | Forging |
| 32:39 | Research | Scale Mail Armor |
| 32:44 | Queue | Villager (Male) |
| 32:45 | Queue | Villager (Male) |
| 32:45 | Queue | Villager (Male) |
| 32:56 | Research | Banking |
| 33:05 | Build | Farm |
| 33:09 | Build | Farm |
Match timeline
| 7:18 | madhatter · first_building Barracks |
| 7:53 | madhatter · age_up feudal |
| 8:30 | madhatter · first_building Stable |
| 10:32 | Snowball_33 · wall_segment Palisade Wall x8 |
| 11:02 | Nabican · age_up feudal |
| 11:11 | BENEKLİ AYHAN · age_up feudal |
| 11:23 | Bantum · age_up feudal |
| 11:51 | Snowball_33 · wall_segment Palisade Wall x1 |
| 11:57 | Snowball_33 · wall_segment Palisade Wall x1 |
| 11:59 | Snowball_33 · wall_segment Palisade Wall x1 |
| 12:07 | Snowball_33 · age_up feudal |
| 12:12 | Ayax · age_up feudal |
| 12:16 | BorAstur · age_up feudal |
| 12:16 | Spellmax · age_up feudal |
| 12:30 | Snowball_33 · first_building Barracks |
| 12:52 | BENEKLİ AYHAN · first_building Barracks |
| 13:05 | Bantum · first_building Barracks |
| 14:03 | Ayax · first_market_buy 100 food |
| 14:05 | Snowball_33 · first_market_sell 100 wood |
| 14:12 | Snowball_33 · first_market_buy 100 food |
| 15:04 | Bantum · age_up castle |
| 15:13 | Ayax · wall_segment Palisade Wall x19 |
| 15:24 | Bantum · wall_segment Stone Wall x25 |
| 16:44 | Bantum · first_market_sell 100 food |
| 16:45 | Bantum · first_market_buy 100 stone |
| 16:57 | Ayax · age_up castle |
| 17:28 | Spellmax · first_building Stable |
| 17:35 | Snowball_33 · age_up castle |
| 17:54 | Spellmax · wall_segment Stone Wall x10 |
| 18:08 | BENEKLİ AYHAN · age_up castle |
| 18:28 | Bantum · wall_segment Stone Wall x3 |
| 18:58 | Ayax · first_building Monastery |
| 19:05 | Snowball_33 · first_building Castle |
| 19:14 | Snowball_33 · first_building Monastery |
| 19:27 | Spellmax · age_up castle |
| 19:40 | BENEKLİ AYHAN · first_building Archery Range |
| 19:44 | BENEKLİ AYHAN · first_building Stable |
| 19:47 | BorAstur · first_market_sell 100 wood |
| 20:14 | BENEKLİ AYHAN · first_building Monastery |
| 21:23 | BorAstur · first_market_buy 100 food |
| 21:30 | Nabican · age_up castle |
| 21:35 | madhatter · age_up castle |
| 21:56 | madhatter · first_building Monastery |
| 22:11 | BENEKLİ AYHAN · first_building Castle |
| 23:26 | Nabican · first_market_buy 100 wood |
| 24:08 | BorAstur · age_up castle |
| 24:40 | Nabican · first_building Castle |
| 28:06 | Ayax · wall_segment Stone Wall x12 |
| 28:10 | Ayax · wall_segment Stone Wall x16 |
| 28:20 | Bantum · first_building Siege Workshop |
| 28:38 | Nabican · first_market_sell 100 wood |
| 28:41 | BorAstur · first_building Barracks |
| 29:32 | Ayax · first_building Barracks |
| 29:54 | BorAstur · first_building Stable |
| 30:49 | Spellmax · first_building Castle |
| 31:54 | Nabican · age_up imperial |
| 32:04 | Bantum · age_up imperial |
| 32:06 | madhatter · first_building Castle |
| 32:11 | Bantum · first_building Castle |
| 32:56 | Ayax · first_building Castle |
| 33:53 | BorAstur · first_building Castle |
| 34:26 | madhatter · first_market_sell 100 food |
| 34:38 | Snowball_33 · first_building Archery Range |
| 35:32 | Ayax · age_up imperial |
| 35:37 | madhatter · first_market_buy 100 stone |
| 37:25 | Bantum · wall_segment Stone Wall x24 |
| 37:28 | madhatter · age_up imperial |
| 37:41 | Bantum · wall_segment Stone Wall x3 |
| 37:43 | Bantum · wall_segment Stone Wall x2 |
| 37:46 | Snowball_33 · first_building Stable |
| 38:15 | madhatter · first_building Siege Workshop |
| 39:27 | Snowball_33 · age_up imperial |
| 39:50 | Ayax · first_building Archery Range |
| 40:03 | Snowball_33 · first_building Siege Workshop |
| 40:24 | Nabican · first_building Monastery |
| 42:55 | BorAstur · age_up imperial |
| 43:28 | Spellmax · age_up imperial |
| 44:21 | madhatter · first_building Archery Range |
| 45:23 | Spellmax · wall_segment Stone Wall x10 |
| 45:33 | BENEKLİ AYHAN · age_up imperial |
| 48:06 | BENEKLİ AYHAN · first_market_sell 100 wood |
| 49:45 | BorAstur · first_building Archery Range |
| 52:25 | Spellmax · first_market_buy 100 stone |
| 53:29 | Ayax · resign |
| 56:04 | Nabican · first_building Barracks |
| 57:11 | Nabican · first_building Stable |
[ AI ANALYSIS · 1 CREDIT ]
What really happened in this match?
Wolo.gg analyzes every decision: build order, eco, micro, common mistakes by bracket. Personalized analysis on WhatsApp or Discord in 30 seconds.
Civ guide
Vietnamese
Perfil
Jugador #2608161